 Dungeon Crawl Stone Soup version 0.28.0-53-g5a82cb258f (webtiles) character file.

Game seed: 6990773099551454408

93887 profreshinal the Necromancer (level 15, -5/73 HPs)
             Began as a Felid Necromancer on Aug 10, 2022.
             Was a High Priest of Jiyva.
             Killed from afar by a wizard (33 damage)
             ... with a fireball
             ... on level 3 of the Vaults.
             The game lasted 03:57:04 (28547 turns).

profreshinal the Necromancer (Felid Necromancer)   Turns: 28547, Time: 03:57:04

Health: -5/73      AC:  5    Str:  4    XL:     15   Next: 25%
Magic:  32/32      EV: 40    Int: 25    God:    Jiyva [*****.]
Gold:   491        SH:  0    Dex: 22    Spells: 21/38 levels left
                                        Lives:  0   Deaths: 3

rFire   . . .      SeeInvis +     - Unarmed
rCold   + . .      Faith    .   (shield unavailable)
rNeg    . . .      Spirit   .   (armour unavailable)
rPois   +          Reflect  .   (helmet unavailable)
rElec   .          Harm     .   (cloak unavailable)
rCorr   +          Rampage  .   (gloves unavailable)
Will    +++..      Clarity  +   (boots unavailable)
Stlth   +++++++...              d - amulet of magic regeneration
HPRegen 1.66/turn               q - +4 ring of evasion
MPRegen 1.08/turn               B - ring of willpower

@: quick
A: very small, claws 1, fangs 3, see invisible, speed 1, shaggy fur 3, stealthy
paws, no weapons or thrown items, no armour, multi-lived, agile 2, clarity,
clever 1, poison resistance, wild magic 1, acidic bite, gelatinous body 2,
pseudopods 3, jelly absorbing missiles, noise suppression
}: 1/15 runes: slimy
a: Renounce Religion, Oozemancy, Slimify


You were on level 3 of the Vaults.
You worshipped Jiyva.
Jiyva was extremely pleased with you.
You visited 7 branches of the dungeon, and saw 34 of its levels.
You also visited: Sewer, Ossuary and Bailey.

You collected 2167 gold pieces.
You spent 1676 gold pieces at shops.

Inventory:

Jewellery
 d - an amulet of magic regeneration (around neck)
 q - a +4 ring of evasion (left paw)
 B - a ring of willpower (right paw)
 E - a +6 ring of strength
 M - the ring of Ujevebu {Fire Str+4 Int-2 Slay+3}
   (You found it on level 5 of the Pits of Slime)

   [ring of fire]

   It enhances your fire magic.
   Str:       It affects your strength (+4).
   Int:       It affects your intelligence (-2).
   Slay:      It affects your accuracy & damage with ranged weapons and melee
   (+3).
   rF:        It protects you from fire.
   rC:        It makes you vulnerable to cold.
 N - the ring "Rairool" {Fly rN+}
   (You found it on level 5 of the Pits of Slime)

   [ring of positive energy]

   rN:        It protects you from negative energy.
   Fly:       It grants you flight.
Wands
 j - a wand of flame (3)
 u - a wand of digging (19)
 w - a wand of paralysis (12)
 y - a wand of polymorph (15)
 H - a wand of mindburst (6)
 K - a wand of iceblast (14)
 L - a wand of charming (6)
Scrolls
 c - a scroll of blinking
 h - 4 scrolls of amnesia
 k - 9 scrolls of teleportation
 m - a scroll of magic mapping
 o - 5 scrolls of identify
 x - 2 scrolls of fog
 J - a scroll of silence
Potions
 a - 5 potions of haste
 b - 2 potions of invisibility
 f - 6 potions of might
 p - a potion of heal wounds
 A - 3 potions of ambrosia
 C - 5 potions of curing


   Skills:
 + Level 12.8 Fighting
 + Level 17.0 Dodging
 + Level 17.1 Stealth
 + Level 12.8 Unarmed Combat
 - Level 12.0 Spellcasting
 - Level 18.0 Necromancy


You had 21 spell levels left.
You knew the following spells:

 Your Spells              Type           Power      Damage    Failure   Level
a - Pain                  Necr           100%       1d9       1%          1
b - Vampiric Draining     Necr           94%        2d12      1%          3
c - Animate Dead          Necr           47%        N/A       1%          4
d - Agony                 Necr           94%        N/A       1%          5
e - Dispel Undead         Necr           94%        3d30      1%          4

Your spell library contained the following spells:

 Spells                   Type           Power      Damage    Failure   Level
 Animate Skeleton         Necr           100%       N/A       1%          1
 Sting                    Tmut/Pois      76%        1d6       7%          1
 Static Discharge         Conj/Air       19%        N/A       10%         2
 Dazzling Flash           Conj/Hex       38%        N/A       17%         3
 Ignite Poison            Fire/Tmut/Pois 19%        N/A       17%         3
 Stone Arrow              Conj/Erth      38%        3d9       17%         3
 Tukima's Dance           Hex            19%        N/A       17%         3
 Cause Fear               Hex            9%         N/A       45%         4
 Passage of Golubria      Tloc           19%        N/A       45%         4
 Sticky Flame             Conj/Fire      19%        2d4       45%         4
 Summon Ice Beast         Ice/Summ       19%        N/A       45%         4
 Freezing Cloud           Conj/Ice/Air   9%         6-21      80%         5
 Silence                  Hex/Air        9%         N/A       80%         5
 Summon Mana Viper        Hex/Summ       19%        N/A       80%         5
 Yara's Violent Unravell  Hex/Tmut       9%         3d6       80%         5
 Conjure Ball Lightning   Conj/Air       9%         3x3d6     100%        6
 Dragon Form              Tmut           9%         N/A       100%        7
 Monstrous Menagerie      Summ           9%         N/A       100%        7
 Discord                  Hex            9%         N/A       100%        8
 Disjunction              Tloc           9%         N/A       100%        8
 Lehudib's Crystal Spear  Conj/Erth      9%         10d4      100%        8
 Dragon's Call            Summ           9%         N/A       100%        9
 Animate Armour           Summ/Erth      Unusable   N/A       N/A         4

Dungeon Overview and Level Annotations

Branches:
Dungeon (15/15)            Temple (0/1) D:4            Lair (6/6) D:10
 Shoals (1/4) Lair:4        Snake (0/4) Lair:2        Slime (5/5) Lair:6
    Orc (2/2) D:11            Elf (2/3) Orc:2        Vaults (3/5) D:14
 Depths (0/4) D:15          Sewer (visited)         Ossuary (visited)
 Bailey (visited)
  Crypt: Vaults:2-3

Altars:
Cheibriados
Hepliaklqana
Kikubaaqudgha
Makhleb
Okawaru
Qazlal
Uskayaw
Vehumet
Wu Jian
Xom
Yredelemnul
Zin
The Shining One
Beogh
Jiyva

Shops:
Orc:1 =   Orc:2 ?(:!   Elf:2 :

Portals:
Abyss: Lair:1
Trove: Vaults:2 (give 18 potions of curing)
Ice
Cave: Elf:1

Annotations:
D:15 Rupert
Lair:1 2 transporters, tevius's ghost, novice MfGl
Slime:5 Royal Jelly
Elf:1 1 runed translucent door, exclusion: 2 ice statues, Jorgrun
Vaults:1 1 transporter


Innate Abilities, Weirdness & Mutations

You have sharp claws.
You have razor-sharp teeth.
You have supernaturally acute eyesight. (SInv)
You cover ground quickly. (Speed+)
Your thick and shaggy fur keeps you warm. (AC +3, rC+)
Your paws help you pounce on unaware monsters.
You are incapable of wielding weapons or throwing items.
You cannot wear armour.
You gain extra lives every three experience levels.
You are very agile. (Dex +4)
You possess an exceptional clarity of mind.
Your mind is acute. (Int +2)
Your system is resistant to poisons. (rPois)
Your spells are a little harder to cast, but a little more powerful.
You have acidic saliva.
Your pliable body absorbs attacks. (AC +2, EV +2)
Armour fits poorly on your massive pseudopods.
You have a small jelly attached to you that may absorb projectiles.
You passively dampen the noise of your surroundings.


Message History

You climb downwards.
The orc knight shoots a bolt.
The bolt hits you!!
You shudder from the blast and a jelly pops out!
There is a stone staircase leading up, spattered with blood here.
The orc knight shoots a bolt.
The bolt misses you.
The orc knight shoots a bolt.
The bolt hits you!!
You shudder from the blast and a jelly pops out!
You swap places.
Your azure jelly hits the orc knight but does no damage.
Your azure jelly closely misses the orc knight.
Your azure jelly hits the orc knight. x2
The orc knight shoots a bolt.
The bolt hits your azure jelly!!
Your azure jelly hits the orc knight.
Your azure jelly freezes the orc knight!
Your azure jelly hits the orc knight.
Your azure jelly freezes the orc knight!!!
Your azure jelly hits the orc knight! x2
The orc knight dies!
Your Dodging skill increases to level 17!
A wizard opens the door.
What are your orders? t - Meow!
Orders for allies: a - Attack new target. r - Retreat! s - Stop attacking. g - Guard the area. f - Follow me.
Anything else - Cancel.
Gang up on whom?
Press: ? - help, Dir - move target, f - deep troll
Aim: a deep troll Attack!
The deep troll bites your azure jelly.
The deep troll claws your azure jelly! x2
The wizard gestures at you while chanting.
The fireball explodes!
The fireball engulfs your azure jelly!!!
Your azure jelly is burned terribly!
The fireball engulfs your azure jelly!!!
Your azure jelly is burned terribly!
Your azure jelly dies!
Your azure jelly dissolves into a puddle of slime!
The fireball engulfs you!!
You die...

######## .
#......# ..
#......#
..p#......#
.'......#
#......#
#..J.<.#
#)..@..#
###T######
#.#.#.##
#.#.+..#
#+##.#o####
+....TJ...#
####+#[####
#ppH.#
#T#p##


You could see a deep troll, a wizard (ally target) and a friendly azure jelly
(summoned).

Vanquished Creatures
  Saint Roka (Vaults:1)
  A lich (Vaults:1)
  A sphinx (Vaults:1)
  The ghost of raph the Warrior, an adept MiFi of Okawaru (Orc:2)
  7 vault wardens
  An orc warlord (Orc:2)
  5 ironbound preservers
  A war gargoyle (Vaults:2)
  An ironbound thunderhulk (Vaults:1)
  2 dire elephants
  Nessos (D:13)
  An entropy weaver (Vaults:2)
  A crystal guardian (Vaults:2)
  3 boulder beetles
  3 vault guards
  Harold (D:11)
  3 yaktaur captains
  2 peacekeepers (Vaults:2)
  2 ogre magi
  7 hydras
  6 ironbound frosthearts
  12 two-headed ogres
  5 centaur warriors
  4 dancing weapons (Elf:1)
  A death yak (Lair:2)
  A deep troll earth mage (Vaults:1)
  Nergalle (Orc:2)
  2 deep elf knights (Elf:1)
  16 deep trolls
  2 deep elf archers (Elf:1)
  3 harpies (Vaults:2)
  4 lindwurms (Vaults:1)
  7 ironbound convokers
  11 deep elf zephyrmancers
  2 necromancers
  5 wizards
  2 wolf spiders (Lair:6)
  6 orc sorcerers
  16 ugly things
  5 orc knights
  3 deep elf pyromancers (Elf:1)
  2 manticores
  An oklob plant (Lair:6)
  2 cyclopes
  4 elephants
  A merfolk siren (Shoals:1)
  A naga mage (D:15)
  4 black mambas
  8 vault sentinels
  15 cane toads
  2 gargoyles (D:13)
  An efreet (D:14)
  6 yaktaurs
  An unseen horror (D:10)
  10 komodo dragons
  A kobold demonologist (D:10)
  3 rime drakes
  2 freezing wraiths
  Psyche (D:8)
  3 polar bears
  5 trolls
  3 hornets
  12 blink frogs
  A wolf spider simulacrum (D:15)
  4 dream sheep
  2 wraiths
  3 water elementals (D:14)
  Sigmund (D:2)
  17 yaks
  10 humans (D:14)
  12 wyverns
  A redback (Lair:6)
  2 basilisks
  3 steam dragons
  6 wargs
  3 nagas (Lair:2)
  2 acid dragons
  25 water moccasins
  A hornet zombie (D:15)
  26 orc warriors
  2 black bears
  2 ice beasts (D:8)
  5 boggarts
  A necrophage (D:5)
  2 ogres
  24 centaurs
  5 wolves
  3 kobold brigands
  11 bullfrogs
  2 scorpions
  3 elf zombies (Ossuary)
  A gnoll sergeant (D:13)
  A hornet simulacrum (D:15)
  7 killer bees
  5 howler monkeys
  2 electric eels
  3 bullfrog zombies
  A lava snake (D:10)
  A human zombie (Ossuary)
  3 centaur zombies
  A hound (D:4)
  2 centaur skeletons
  12 orc priests
  21 orc wizards
  An iguana (D:5)
  A hound skeleton (D:4)
  2 mummies (Ossuary)
  Robin (D:4)
  10 gnolls
  2 howler monkey zombies
  8 adders
  A white imp (D:7)
  2 ufetubi
  An adder zombie (D:5)
  A worm (D:3)
  66 orcs
  2 endoplasms (D:1)
  5 giant cockroaches
  18 goblins
  4 hobgoblins
  3 jackals (D:5)
  17 kobolds
  4 quokkas
  5 ball pythons
  7 bats
  3 frilled lizards
  3 goblin zombies
  11 hobgoblin zombies (Ossuary)
  A jackal zombie (Ossuary)
  9 kobold zombies (Ossuary)
  8 orc zombies (Ossuary)
  6 rats
  2 rat zombies (Ossuary)
690 creatures vanquished.

Vanquished Creatures (collateral kills)
  A tengu reaver (Vaults:2)
  A vault warden (Vaults:2)
  An orc warlord (Vaults:2)
  3 ironbound preservers
  A stone giant (Vaults:1)
  A war gargoyle (Vaults:2)
  A very ugly thing (Vaults:2)
  4 dire elephants
  The ghost of ZLogic the Unseen, a journeyman SpEn of Kikubaaqudgha (D:15)
  An ettin (Vaults:2)
  A deep elf death mage (Vaults:2)
  5 vault guards
  An ogre mage (Orc:2)
  A boulder beetle (D:15)
  2 yaktaur captains (Vaults:2)
  3 hydras
  2 ironbound frosthearts
  4 two-headed ogres
  7 death yaks
  2 fire crabs (Lair:2)
  7 deep trolls
  2 wizards
  2 ironbound convokers (Vaults:2)
  2 lindwurms (Vaults:1)
  2 orc knights
  A necromancer (D:14)
  An orc sorcerer (Orc:2)
  8 ugly things
  A cyclops (D:14)
  6 elephants
  2 black mambas (Lair:6)
  A manticore (D:12)
  A guardian serpent (Lair:6)
  3 cane toads
  An efreet (D:13)
  4 yaktaurs
  6 komodo dragons
  A hornet (Lair:6)
  A blink frog (Lair:4)
  8 dream sheep
  4 wyverns
  8 humans (D:14)
  17 yaks
  2 basilisks
  2 redbacks (Lair:6)
  A naga (Lair:2)
  6 orc warriors
  3 water moccasins
  5 ogres
  2 wolves (Lair:4)
  5 centaurs
  A kobold brigand (D:7)
  A bullfrog (Lair:2)
  A wyvern zombie (D:6)
  2 electric eels (D:9)
  2 orc priests
  An iguana (D:6)
  2 orc wizards
  5 hell rats (Lair:4)
  12 orcs
  A goblin (D:4)
  A kobold (D:7)
187 creatures vanquished.

Vanquished Creatures (others)
  Fannar (D:12)
  A two-headed ogre (Orc:1)
  3 wizards
  A deep elf pyromancer (Elf:1)
  A deep elf zephyrmancer (Elf:1)
  An orc sorcerer (Orc:2)
  A cyclops (D:12)
  A vault sentinel (Vaults:1)
  A tengu conjurer (D:15)
  16 slime creatures
  A shadow (D:12)
  4 water moccasins
  A black bear (Lair:3)
  A boggart (Vaults:1)
  2 centaurs
  A bullfrog (Lair:3)
  2 howler monkeys (D:8)
  An electric eel (Lair:2)
  A human zombie (Ossuary)
  171 jellies
  5 orc wizards (Orc:2)
  4 gnolls
  5 adders
  A howler monkey skeleton (D:5)
  A white imp (D:6)
  A worm (D:3)
  15 orcs
  2 ball pythons
  A bat (D:2)
  3 endoplasms (D:4)
  3 goblins
  A hobgoblin (D:4)
  3 kobolds
  3 frilled lizards
  A jackal skeleton (D:4)
  5 rats
  A bush (Lair:4)
  89 fungi
  181 plants
537 creatures vanquished.

Grand Total: 1414 creatures vanquished

Notes
Turn   | Place    | Note
-------+----------+-------------------------------------------
     0 | D:1      | profreshinal the Felid Necromancer began the quest for the
                  | Orb.
     0 | D:1      | Reached XP level 1. HP: 7/7 MP: 4/4
   741 | D:1      | Reached XP level 2. HP: 8/11 MP: 3/6
  1317 | D:1      | Found a faded altar of an unknown god.
  1324 | D:1      | Prayed at the altar of an unknown god.
  1324 | D:1      | Became a worshipper of Jiyva Jamones the Shapeless
  1324 | D:1      | Reached * piety under Jiyva
  1903 | D:2      | Reached ** piety under Jiyva
  2042 | D:2      | Reached skill level 5 in Necromancy
  2042 | D:2      | Reached XP level 3. HP: 10/15 MP: 3/7
  2496 | D:2      | Noticed Sigmund
  2698 | D:2      | Killed Sigmund
  2699 | D:2      | Reached skill level 1 in Fighting
  2699 | D:2      | Reached XP level 4. HP: 18/19 MP: 4/9
  2699 | D:2      | Reached XP level 5. HP: 21/22 MP: 4/10
  2956 | D:3      | Reached *** piety under Jiyva
  2992 | D:3      | Gained mutation: You have hidden genetic potential.
                  | [Jiyva's grace]
  2992 | D:3      | Gained mutation: You have great hidden genetic potential.
                  | [Jiyva's grace]
  2992 | D:3      | Gained mutation: You have a pair of small antennae on your
                  | head. [Jiyva's grace]
  2992 | D:3      | Gained mutation: You have a pair of antennae on your head.
                  | [Jiyva's grace]
  3191 | D:3      | Found a hazy altar of Hepliaklqana.
  3275 | D:3      | Reached **** piety under Jiyva
  3290 | D:3      | Learned a level 3 spell: Vampiric Draining
  3452 | D:4      | Found a staircase to the Ecumenical Temple.
  3452 | D:4      | Noticed Robin
  3480 | D:4      | Reached skill level 6 in Necromancy
  3495 | D:4      | Learned a level 4 spell: Animate Dead
  3508 | D:4      | Killed Robin
  3529 | D:4      | Gained mutation: You are covered in thick fur. (AC +2)
                  | [Felid growth]
  3529 | D:4      | Reached XP level 6. HP: 24/27 MP: 4/11
  3597 | D:4      | Found a glowing drain.
  3608 | Sewer    | Entered a sewer
  3683 | Sewer    | Found a viscous altar of Jiyva.
  3805 | D:4      | Found an ornate altar of the Wu Jian Council.
  4017 | D:4      | Found a glowing golden altar of the Shining One.
  4034 | D:4      | Reached ***** piety under Jiyva
  4207 | D:4      | Found a snail-covered altar of Cheibriados.
  4375 | D:4      | Found a stormy altar of Qazlal.
  4410 | D:5      | Entered Level 5 of the Dungeon
  4537 | D:5      | Reached skill level 7 in Necromancy
  4537 | D:5      | Reached XP level 7. HP: 31/31 MP: 1/13
  4549 | D:5      | Gained mutation: You are partially covered in iridescent
                  | scales. (AC +2) [hidden potential]
  4656 | D:5      | Reached skill level 1 in Unarmed Combat
  4891 | D:5      | Found a basalt altar of Yredelemnul.
  5401 | D:6      | Lost mutation: You have a pair of antennae on your head.
                  | [Jiyva's grace]
  5401 | D:6      | Gained mutation: Your system is resistant to poisons.
                  | (rPois) [Jiyva's grace]
  5401 | D:6      | Gained mutation: Your melee attacks may engulf your foes in
                  | ooze. [Jiyva's grace]
  5401 | D:6      | Lost mutation: You have great hidden genetic potential.
                  | [Jiyva's grace]
  5401 | D:6      | Lost mutation: You have hidden genetic potential. [Jiyva's
                  | grace]
  5401 | D:6      | Gained mutation: You are somewhat resistant to further
                  | mutation. [Jiyva's grace]
  5401 | D:6      | Gained mutation: You are somewhat resistant to both further
                  | mutation and mutation removal. [Jiyva's grace]
  5554 | D:6      | Reached XP level 8. HP: 23/36 MP: 15/15
  5676 | D:6      | Reached skill level 8 in Necromancy
  5889 | D:7      | Noticed a two-headed ogre
  5895 | D:7      | Killed a two-headed ogre
  5896 | D:7      | Reached skill level 5 in Dodging
  5896 | D:7      | Reached skill level 5 in Spellcasting
  5981 | D:7      | Reached XP level 9. HP: 35/40 MP: 7/17
  6331 | D:7      | Reached skill level 5 in Fighting
  6331 | D:7      | Reached skill level 9 in Necromancy
  6357 | D:7      | Reached ****** piety under Jiyva
  6397 | D:7      | Learned a level 5 spell: Agony
  6408 | D:8      | Found a flagged portal.
  6526 | Bailey   | Entered a bailey
  6797 | Bailey   | Reached skill level 10 in Necromancy
  6809 | Bailey   | Found the +9 staff of Wucad Mu {*channel}
  6861 | Bailey   | Reached XP level 10. HP: 45/45 MP: 6/20
  7169 | D:8      | Found a sand-covered staircase.
  7186 | Ossuary  | Entered an ossuary
  7602 | D:8      | Noticed Psyche
  7611 | D:8      | Killed Psyche
  8333 | D:9      | Reached skill level 11 in Necromancy
  8435 | D:9      | Found a glowing silver altar of Zin.
  8575 | D:9      | Noticed a two-headed ogre
  8583 | D:9      | Killed a two-headed ogre
  8621 | D:9      | Lost mutation: You have a pair of small antennae on your
                  | head. [Jiyva's grace]
  8621 | D:9      | Gained mutation: You have a small jelly attached to you
                  | that senses nearby items. [Jiyva's grace]
  8621 | D:9      | Gained mutation: Your body has grown eyes which may confuse
                  | attackers. (Acc +3) [Jiyva's grace]
  8621 | D:9      | Gained mutation: Your body has grown many eyes which may
                  | confuse attackers. (Acc +5) [Jiyva's grace]
  8621 | D:9      | Gained mutation: Your body is covered in eyes which may
                  | confuse attackers. (Acc +7, SInv) [Jiyva's grace]
  9000 | D:10     | Entered Level 10 of the Dungeon
  9000 | D:10     | Noticed a death yak
  9000 | D:10     | Found a staircase to the Lair.
  9004 | D:10     | Noticed a death yak
  9011 | D:10     | Noticed a death yak
  9337 | D:10     | Reached XP level 11. HP: 50/50 MP: 15/22
  9348 | D:10     | Killed a death yak
  9365 | D:10     | Killed a death yak
  9365 | D:10     | Killed a death yak
  9366 | D:10     | Reached skill level 12 in Necromancy
  9479 | D:10     | Found a shimmering altar of Xom.
  9479 | D:10     | Found an iron altar of Okawaru.
  9588 | D:10     | Found a hide-covered altar of Uskayaw.
  9637 | D:11     | Found a staircase to the Orcish Mines.
  9638 | D:11     | Noticed a purple ugly thing
  9681 | Lair:1   | Entered Level 1 of the Lair of Beasts
  9693 | Lair:1   | Found a transporter.
  9845 | Lair:1   | Noticed a thrashing horror
  9847 | Lair:1   | Noticed tevius's ghost (novice MfGl)
  9850 | Lair:1   | Found a one-way gate to the infinite horrors of the Abyss.
  9851 | Lair:1   | Noticed a white ugly thing
  9961 | Lair:1   | Reached skill level 5 in Stealth
 10301 | Lair:1   | Found a transporter.
 10318 | Lair:1   | Noticed a red ugly thing
 10447 | Lair:2   | Lost mutation: You are somewhat resistant to both further
                  | mutation and mutation removal. [Jiyva's grace]
 10447 | Lair:2   | Lost mutation: Your melee attacks may engulf your foes in
                  | ooze. [Jiyva's grace]
 10447 | Lair:2   | Gained mutation: Your muscles are strong. (Str +2) [Jiyva's
                  | grace]
 10447 | Lair:2   | Gained mutation: Your muscles are very strong. (Str +4)
                  | [Jiyva's grace]
 10447 | Lair:2   | Gained mutation: You are strong-willed. (Will+) [Jiyva's
                  | grace]
 10447 | Lair:2   | Gained mutation: You are highly strong-willed. (Will++)
                  | [Jiyva's grace]
 10521 | Lair:2   | Noticed a five-headed hydra
 10541 | Lair:2   | Killed a five-headed hydra
 10542 | Lair:2   | Reached skill level 10 in Dodging
 10591 | Lair:2   | Reached skill level 13 in Necromancy
 10668 | Lair:2   | Gained mutation: Your thick and shaggy fur keeps you warm.
                  | (AC +3, rC+) [Felid growth]
 10668 | Lair:2   | Reached XP level 12. HP: 56/56 MP: 25/25
 10693 | Lair:2   | Noticed an eight-headed hydra
 10693 | Lair:2   | Noticed a dire elephant
 10723 | Lair:2   | Killed an eight-headed hydra
 10790 | Lair:2   | Noticed a death yak
 10804 | Lair:2   | Killed a dire elephant
 10854 | Lair:2   | Killed a death yak
 10862 | Lair:2   | Noticed a death yak
 10862 | Lair:2   | Noticed a dire elephant
 10878 | Lair:2   | Killed a death yak
 10909 | Lair:2   | Killed a dire elephant
 11268 | Lair:2   | Noticed a six-headed hydra
 11283 | Lair:2   | Found a staircase to the Snake Pit.
 11346 | Lair:2   | Killed a six-headed hydra
 11362 | Lair:2   | Noticed a death yak
 11364 | Lair:2   | Noticed a death yak
 11373 | Lair:2   | Noticed a death yak
 11373 | Lair:2   | Killed a death yak
 11379 | Lair:2   | Killed a death yak
 11380 | Lair:2   | Reached skill level 14 in Necromancy
 11384 | Lair:2   | Killed a death yak
 11809 | Lair:3   | Noticed a six-headed hydra
 11823 | Lair:3   | Killed a six-headed hydra
 11905 | Lair:3   | Reached XP level 13. HP: 45/60 MP: 27/27
 12197 | Lair:3   | Reached skill level 5 in Unarmed Combat
 12222 | Lair:3   | Lost mutation: You are partially covered in iridescent
                  | scales. (AC +2) [Jiyva's grace]
 12222 | Lair:3   | Lost mutation: You are highly strong-willed. (Will++)
                  | [Jiyva's grace]
 12222 | Lair:3   | Lost mutation: You are somewhat resistant to further
                  | mutation. [Jiyva's grace]
 12222 | Lair:3   | Lost mutation: Your body is covered in eyes which may
                  | confuse attackers. (Acc +7, SInv) [Jiyva's grace]
 12222 | Lair:3   | Gained mutation: Your natural rate of healing is unusually
                  | fast. [Jiyva's grace]
 12222 | Lair:3   | Gained mutation: You heal very quickly. [Jiyva's grace]
 12222 | Lair:3   | Gained mutation: You regenerate. [Jiyva's grace]
 12222 | Lair:3   | Gained mutation: Your flesh is heat resistant. (rF+)
                  | [Jiyva's grace]
 12905 | Lair:4   | You fall into a shaft and drop 2 floors!
 12905 | Lair:6   | Entered Level 6 of the Lair of Beasts
 13345 | Lair:5   | Reached skill level 10 in Stealth
 13460 | Lair:5   | Reached skill level 10 in Fighting
 13505 | Lair:5   | Lost mutation: You regenerate. [Jiyva's grace]
 13505 | Lair:5   | Lost mutation: You heal very quickly. [Jiyva's grace]
 13505 | Lair:5   | Lost mutation: Your body has grown many eyes which may
                  | confuse attackers. (Acc +5) [Jiyva's grace]
 13505 | Lair:5   | Gained mutation: You have a pair of small antennae on your
                  | head. [Jiyva's grace]
 13505 | Lair:5   | Gained mutation: You have a pair of antennae on your head.
                  | [Jiyva's grace]
 13505 | Lair:5   | Gained mutation: You have a pair of large antennae on your
                  | head. (SInv) [Jiyva's grace]
 13505 | Lair:5   | Gained mutation: You are somewhat resistant to further
                  | mutation. [Jiyva's grace]
 13756 | Lair:4   | Reached skill level 15 in Necromancy
 13997 | Lair:4   | Found a staircase to the Shoals.
 14602 | Lair:5   | Reached XP level 14. HP: 54/66 MP: 26/28
 14827 | Lair:6   | Found a burning altar of Makhleb.
 15201 | Lair:6   | Lost mutation: Your flesh is heat resistant. (rF+) [Jiyva's
                  | grace]
 15201 | Lair:6   | Lost mutation: Your muscles are very strong. (Str +4)
                  | [Jiyva's grace]
 15201 | Lair:6   | Lost mutation: You have a small jelly attached to you that
                  | senses nearby items. [Jiyva's grace]
 15201 | Lair:6   | Gained mutation: You possess an exceptional clarity of
                  | mind. [Jiyva's grace]
 15201 | Lair:6   | Gained mutation: Armour fits poorly on your pseudopods.
                  | [Jiyva's grace]
 15201 | Lair:6   | Gained mutation: Armour fits poorly on your large
                  | pseudopods. [Jiyva's grace]
 15201 | Lair:6   | Gained mutation: Armour fits poorly on your massive
                  | pseudopods. [Jiyva's grace]
 15452 | Lair:6   | Reached skill level 10 in Spellcasting
 15485 | Lair:6   | Found a staircase to the Slime Pits.
 15488 | Lair:6   | Found a viscous altar of Jiyva.
 15775 | Lair:6   | Learned a level 4 spell: Dispel Undead
 16214 | D:11     | Noticed Harold
 16256 | D:11     | Killed Harold
 16627 | D:12     | Killed Fannar
 17269 | D:13     | You fall into a shaft and drop 2 floors!
 17269 | D:15     | Entered Level 15 of the Dungeon
 17517 | D:15     | Noticed Rupert
 17644 | D:15     | Reached skill level 16 in Necromancy
 17734 | D:15     | Lost mutation: You have a pair of large antennae on your
                  | head. (SInv) [Jiyva's grace]
 17734 | D:15     | Lost mutation: Your system is resistant to poisons. (rPois)
                  | [Jiyva's grace]
 17734 | D:15     | Lost mutation: Your muscles are strong. (Str +2) [Jiyva's
                  | grace]
 17734 | D:15     | Lost mutation: Your body has grown eyes which may confuse
                  | attackers. (Acc +3) [Jiyva's grace]
 17734 | D:15     | Gained mutation: Your rubbery body absorbs attacks. (AC +1,
                  | EV +1) [Jiyva's grace]
 17734 | D:15     | Gained mutation: Your pliable body absorbs attacks. (AC +2,
                  | EV +2) [Jiyva's grace]
 17734 | D:15     | Gained mutation: Your gelatinous body deflects attacks. (AC
                  | +3, EV +3) [Jiyva's grace]
 17734 | D:15     | Gained mutation: You have a small jelly attached to you
                  | that senses nearby items. [Jiyva's grace]
 17844 | D:13     | Noticed Nessos
 17886 | D:13     | Killed Nessos
 18200 | D:13     | Identified the +9 hand axe "Nazim" {vorpal, Will+}
 19083 | D:14     | Reached XP level 15. HP: 68/70 MP: 26/30
 19136 | D:14     | Got the Grimoire of Cankerous Air
 19545 | D:14     | Found a gate to the Vaults.
 20007 | D:15     | Found Buenan's Distillery.
 20031 | D:15     | Bought a potion of haste for 150 gold pieces
 20031 | D:15     | Bought a potion of might for 60 gold pieces
 20031 | D:15     | Bought a potion of ambrosia for 120 gold pieces
 20031 | D:15     | Bought a potion of heal wounds for 75 gold pieces
 20031 | D:15     | Bought 2 potions of heal wounds for 150 gold pieces
 20031 | D:15     | Bought a potion of curing for 45 gold pieces
 20031 | D:15     | Bought a potion of curing for 45 gold pieces
 20031 | D:15     | Bought a potion of curing for 45 gold pieces
 20035 | D:15     | Found a runed translucent door.
 20088 | D:15     | Noticed ZLogic's ghost (journeyman SpEn)
 20145 | D:15     | Killed ZLogic's ghost
 20292 | D:15     | Found a staircase to the Depths.
 20427 | D:15     | Lost mutation: You have a pair of antennae on your head.
                  | [Jiyva's grace]
 20427 | D:15     | Lost mutation: You are somewhat resistant to further
                  | mutation. [Jiyva's grace]
 20427 | D:15     | Lost mutation: Your natural rate of healing is unusually
                  | fast. [Jiyva's grace]
 20427 | D:15     | Lost mutation: Your gelatinous body deflects attacks. (AC
                  | +3, EV +3) [Jiyva's grace]
 20427 | D:15     | Lost mutation: You have a small jelly attached to you that
                  | senses nearby items. [Jiyva's grace]
 20427 | D:15     | Gained mutation: Your gelatinous body deflects attacks. (AC
                  | +3, EV +3) [Jiyva's grace]
 20427 | D:15     | Gained mutation: You have a small jelly attached to you
                  | that may absorb projectiles. [Jiyva's grace]
 20427 | D:15     | Gained mutation: You passively map a small area around you.
                  | [Jiyva's grace]
 20427 | D:15     | Gained mutation: You passively map the area around you.
                  | [Jiyva's grace]
 20780 | Slime:1  | Entered Level 1 of the Pits of Slime
 20780 | Slime:1  | Noticed an azure jelly
 20780 | Slime:1  | Noticed an acid blob
 20780 | Slime:1  | Noticed an acid blob
 20791 | Slime:2  | Noticed an azure jelly
 20801 | Slime:3  | Noticed an acid blob
 20806 | Slime:4  | Noticed an acid blob
 20806 | Slime:4  | Noticed an acid blob
 20812 | Slime:5  | Entered Level 5 of the Pits of Slime
 20812 | Slime:5  | Noticed an azure jelly
 20812 | Slime:5  | Noticed an acid blob
 20814 | Slime:5  | Noticed an acid blob
 20819 | Slime:5  | Noticed an acid blob
 20821 | Slime:5  | Noticed a rockslime
 20831 | Slime:5  | Found a viscous altar of Jiyva.
 20833 | Slime:5  | Noticed an azure jelly
 20834 | Slime:5  | Noticed an acid blob
 20835 | Slime:5  | Noticed an acid blob
 20836 | Slime:5  | Identified the ring of Ujevebu {Fire Str+4 Int-2 Slay+3}
 20836 | Slime:5  | Noticed the Royal Jelly
 20841 | Slime:5  | Noticed an acid blob
 20843 | Slime:5  | Noticed an acid blob
 20843 | Slime:5  | Noticed an acid blob
 20845 | Slime:5  | Noticed an azure jelly
 20849 | Slime:5  | Got a slimy rune of Zot
 20850 | Slime:5  | Identified the +7 spear of Infinite Pain {freeze, rElec}
 20851 | Slime:5  | Identified the +3 morningstar of Arbitration {elec, rPois
                  | rF+++ Str-2 Dex+3}
 20852 | Slime:5  | Noticed an acid blob
 20860 | Slime:5  | Identified the ring "Rairool" {Fly rN+}
 20878 | Slime:5  | Noticed an azure jelly
 20911 | Slime:3  | Noticed an acid blob
 20944 | Lair:6   | Lost mutation: You have a pair of small antennae on your
                  | head. [potion of mutation]
 20944 | Lair:6   | Lost mutation: You passively map the area around you.
                  | [potion of mutation]
 20944 | Lair:6   | Gained mutation: Your spells are a little harder to cast,
                  | but a little more powerful. [potion of mutation]
 21119 | Orc:1    | Entered Level 1 of the Orcish Mines
 21468 | Orc:2    | Entered Level 2 of the Orcish Mines
 22098 | Orc:1    | Found Xited's Jewellery Shop.
 22306 | Orc:2    | Found Faibbix's Distillery.
 22551 | Orc:2    | Bought a potion of berserk rage for 75 gold pieces
 22551 | Orc:2    | Bought a potion of haste for 150 gold pieces
 22551 | Orc:2    | Bought a potion of lignification for 45 gold pieces
 22551 | Orc:2    | Bought 2 potions of haste for 300 gold pieces
 22551 | Orc:2    | Bought a potion of heal wounds for 75 gold pieces
 22551 | Orc:2    | Bought a potion of curing for 45 gold pieces
 22601 | Orc:2    | Found a radiant altar of Vehumet.
 22618 | Orc:2    | Reached skill level 17 in Necromancy
 22646 | Orc:2    | Found Gilomn's Book Boutique.
 22667 | Orc:2    | Noticed Nergalle
 22718 | Orc:2    | Killed Nergalle
 22738 | Orc:2    | Found Abyufut's Antique Weapon Boutique.
 22754 | Orc:2    | Found Retozeu's Magic Scroll Shop.
 22766 | Orc:2    | Bought a scroll of identify for 32 gold pieces
 22766 | Orc:2    | Bought a scroll of teleportation for 48 gold pieces
 22766 | Orc:2    | Bought a scroll of teleportation for 48 gold pieces
 22766 | Orc:2    | Bought a scroll of teleportation for 48 gold pieces
 22766 | Orc:2    | Bought 2 scrolls of identify for 64 gold pieces
 22766 | Orc:2    | Bought a scroll of magic mapping for 56 gold pieces
 22783 | Orc:2    | Found an ancient bone altar of Kikubaaqudgha.
 22840 | Orc:2    | Found a staircase to the Elven Halls.
 22988 | Orc:2    | Noticed an orc warlord
 22994 | Orc:2    | Found a transporter.
 23091 | Orc:2    | Killed an orc warlord
 23138 | Orc:2    | Noticed raph's ghost (adept MiFi)
 23141 | Orc:2    | Found a transporter.
 23314 | Orc:2    | Killed raph's ghost
 23453 | Elf:1    | Entered Level 1 of the Elven Halls
 23453 | Elf:1    | Found a runed translucent gate.
 23453 | Elf:1    | Found a runed translucent gate.
 23453 | Elf:1    | Found a runed translucent gate.
 23453 | Elf:1    | Lost mutation: You are strong-willed. (Will+) [Jiyva's
                  | grace]
 23453 | Elf:1    | Lost mutation: Armour fits poorly on your massive
                  | pseudopods. [Jiyva's grace]
 23453 | Elf:1    | Gained mutation: Your mind is acute. (Int +2) [Jiyva's
                  | grace]
 23453 | Elf:1    | Gained mutation: Your mind is very acute. (Int +4) [Jiyva's
                  | grace]
 23453 | Elf:1    | Gained mutation: Armour fits poorly on your massive
                  | pseudopods. [Jiyva's grace]
 23453 | Elf:1    | Gained mutation: You passively dampen the noise of your
                  | surroundings. [Jiyva's grace]
 23453 | Elf:1    | Found a runed translucent gate.
 23453 | Elf:1    | Found a runed translucent gate.
 23453 | Elf:1    | Found a runed translucent gate.
 23459 | Elf:1    | Found a runed translucent door.
 23461 | Elf:1    | Killed from afar by a deep elf annihilator
 23462 | Elf:1    | Reached XP level 14. HP: -13/68 MP: 30/30
 23551 | Elf:1    | Noticed Jorgrun
 23577 | Elf:2    | Found Guclien's Book Shop.
 23641 | Elf:1    | Found a frozen archway.
 23865 | Elf:1    | Reached XP level 15. HP: 48/72 MP: 31/31
 24179 | Elf:1    | Found a runed translucent door.
 24196 | Elf:1    | Reached skill level 15 in Dodging
 24473 | Shoals:1 | Entered Level 1 of the Shoals
 24734 | Vaults:1 | Entered Level 1 of the Vaults
 24769 | Vaults:1 | Noticed a vault warden
 24771 | Vaults:1 | Killed a vault warden
 24997 | Vaults:1 | Noticed Saint Roka
 25038 | Vaults:1 | Killed Saint Roka
 25486 | Vaults:1 | Reached skill level 18 in Necromancy
 25543 | Vaults:1 | Noticed a sphinx
 25555 | Vaults:1 | Killed a sphinx
 25760 | Vaults:2 | Noticed a vault warden
 25773 | Vaults:2 | Reached skill level 10 in Unarmed Combat
 25938 | Vaults:2 | Reached skill level 15 in Stealth
 26007 | Vaults:2 | Noticed a vault warden
 26020 | Vaults:2 | Reached XP level 16. HP: 23/76 MP: 30/33
 26134 | Vaults:2 | Identified the +3 pair of gloves of Lugonu's Hope {Int+6}
 26315 | Vaults:1 | Found a transporter.
 26357 | Vaults:1 | Found a transporter.
 26487 | Vaults:1 | Noticed a lich
 26511 | Vaults:1 | Killed a lich
 26512 | Vaults:1 | Killed from afar by a lindwurm
 26513 | Vaults:1 | Reached XP level 15. HP: -5/72 MP: 14/32
 26836 | Vaults:2 | Noticed an orc warlord
 26941 | Vaults:2 | Killed an orc warlord
 27398 | Vaults:2 | Noticed a tengu reaver
 27425 | Vaults:2 | Killed a tengu reaver
 27426 | Vaults:2 | Noticed a vault warden
 27446 | Vaults:2 | Killed a vault warden
 27614 | Vaults:2 | Found a portal to a secret trove of treasure.
 27733 | Vaults:2 | Noticed a vault warden
 27735 | Vaults:2 | Lost mutation: Your mind is very acute. (Int +4) [Jiyva's
                  | grace]
 27735 | Vaults:2 | Lost mutation: You passively map a small area around you.
                  | [Jiyva's grace]
 27735 | Vaults:2 | Lost mutation: Your gelatinous body deflects attacks. (AC
                  | +3, EV +3) [Jiyva's grace]
 27735 | Vaults:2 | Gained mutation: You are agile. (Dex +2) [Jiyva's grace]
 27735 | Vaults:2 | Gained mutation: You are very agile. (Dex +4) [Jiyva's
                  | grace]
 27735 | Vaults:2 | Gained mutation: Your system is resistant to poisons.
                  | (rPois) [Jiyva's grace]
 27735 | Vaults:2 | Gained mutation: You have acidic saliva. [Jiyva's grace]
 27750 | Vaults:2 | Killed a vault warden
 27965 | Vaults:2 | Noticed a vault warden
 27975 | Vaults:2 | Killed a vault warden
 27993 | Vaults:2 | Reached XP level 16. HP: 52/77 MP: 33/33
 28110 | Vaults:2 | Mangled by a vault warden
 28111 | Vaults:2 | Reached XP level 15. HP: -6/73 MP: 19/32
 28242 | Vaults:2 | Killed a vault warden
 28412 | Vaults:3 | Noticed a vault warden
 28481 | Vaults:3 | Killed a vault warden
 28495 | Vaults:3 | HP: 2/73 [ironbound frostheart/creeping frost[a vault
                  | warden] (31)]
 28547 | Vaults:3 | Killed from afar by a wizard

Illustrated notes

Levels and vault maps discovered:
D:1:      dpeg_arrival_rhombi, layout_rooms,
          shapermc_ecumenical_altar_starsandcircs, minmay_quantized
D:2:      layout_basic, uniq_sigmund
D:3:      layout_rooms, mainiacjoe_overflow_six_doors_small, minmay_diced_spiral
D:4:      minmay_chambers_of_fours, layout_basic, nicolae_tso_carved_into_rock,
          nicolae_qazlal_eye_of_the_storm, nzn_wu_jian_contemplation,
          marbit_many_paths, minmay_temple_entry_overgrown,
          portal_sewer_entry_f, kennysheep_generic_room_6, uniq_robin
D:5:      layout_basic, lemuel_zombie_altar_yredelemnul,
          minmay_misc_feat_ornament
D:6:      layout_cave_pools
D:7:      layout_loops_cross
D:8:      layout_loops_ring, enter_bailey_2, enter_ossuary_4, uniq_psyche
D:9:      layout_loops_ring, lemuel_tele_altar, serial_bayou,
          serial_bayou_shore_a, serial_bayou_pond_c, serial_bayou_pond_b,
          serial_bayou_shore_b
D:10:     layout_roguey, mainiacjoe_overflow_divided_tiny,
          nicolae_uskayaw_suspiria, dpeg_lair_monsters, st_stairs_10
D:11:     layout_big_octagon, orc_0_dummy, uniq_harold
D:12:     layout_basic, uniq_fannar
D:13:     layout_layer_cave, uniq_nessos
D:14:     layout_basic, grunt_vaults_entry_tiered, st_stairs_13
D:15:     grunt_enter_depths_magical_seal, layout_cave_pods,
          grunt_decor_clamped, serial_shops, nicolae_square_shop,
          gammafunk_ghost_grave, uniq_rupert
Lair:1:   layout_layer_cave, gammafunk_ghost_abyssal_escape, grunt_megastairs_3,
          serial_bayou_shore_b
Lair:2:   statuecave_lemuel, layout_hall_layers,
          minmay_snake_entry_guardpost_small, nicolae_lair_lakeside_cave,
          infiniplex_staircase_pool, lemuel_fruit_tree
Lair:3:   layout_gridlike, grunt_forest_small_clearing_treed
Lair:4:   layout_long_grid, elwin_shoals_entry_rocks, enter_volcano_4
Lair:5:   layout_regular_city
Lair:6:   hangedman_lair_tendril_chambers, layout_hall_layers, slime_altar_1,
          minivault_25, serial_bayou_pond_e, lemuel_oklob_altar
Shoals:1: layout_shoals
Slime:1:  layout_caves
Slime:2:  layout_caves
Slime:3:  layout_caves
Slime:4:  layout_caves
Slime:5
Orc:1:    layout_caves, serial_shops, nicolae_shop_statue_plus
Orc:2:    kennysheep_orc_mage_school, layout_caves, gammafunk_ghost_smash,
          nicolae_orc_rich_vein
Elf:1:    nicolae_elf_arrival_dilemma, layout_geoelf_diagonals,
          portal_ice_cave_entry_ice_statue_two,
          hangedman_elven_crosses_minicolossus, serial_sigils_hangedman_scratch,
          uniq_jorgrun
Elf:2:    nicolae_elf_blades_crystal_corner, layout_gridlike, serial_shops,
          nicolae_stop_n_shop_1, nicolae_take_the_stairs, nicolae_square_shop,
          minmay_elf_annihilation, uniq_roxanne
Vaults:1: hangedman_vaults_snaps, gammafunk_dig_for_victory, v_pattern_5,
          nicolae_vaults_angled_halls, hangedman_vaults_restitches,
          hangedman_vaults_stagger, vaults_room_semicircle,
          layout_vaults_big_cross, uniq_saint_roka
Vaults:2: nicolae_vaults_network_periphery, v_misc_11, v_misc_27,
          dpeg_vaults_monster_row, ontoclasm_vaults_hangar,
          nicolae_vaults_network_barrier, hangedman_vaults_stitches,
          vaults_mumra_lcd, nicolae_vaults_specimen_jars,
          ontoclasm_vaults_shuriken, grunt_vaults_hallway_short,
          layout_vaults_ring, enter_trove_0
Vaults:3: nicolae_vaults_big_angled_halls, vaults_mumra_minichess,
          minmay_crypt_entry_necro_gods, vaults_room_octagon,
          nicolae_vaults_theta, nicolae_vaults_circle_grid_b, v_misc_12,
          vaults_room_stairs_pillars, vaults_standard_mumra_x,
          nicolae_vaults_border_crossing, vaults_mumra_hex,
          grunt_vaults_diagonal, vaults_room_stairs_pillars,
          nicolae_vaults_little_ls, v_misc_2, layout_vaults_maze_snakey

Skill      XL: |  1  2  3  4  5  6  7  8  9 10 11 12 13 14 15 16 |
---------------+-------------------------------------------------+-----
Necromancy     | 5 6 7 8 10 11 13 14 15 16 18 | 18.0
Fighting       | 1 2 3 4 6 7 8 9 10 11 12 | 12.8
Spellcasting   | 3 4 5 6 7 8 9 10 12 | 12.0
Dodging        | 3 5 7 8 10 11 12 13 17 | 17.0
Unarmed Combat | 1 3 4 6 9 12 11 | 12.8
Stealth        | 3 6 8 10 12 17 | 17.1

Action                   |  1- 3 |  4- 6 |  7- 9 | 10-12 | 13-15 | 16-18 || total
-------------------------+-------+-------+-------+-------+-------+-------++-------
Melee: Unarmed           |     4 |    32 |   121 |   329 |   863 |    16 ||  1365
       Bite              |       |     4 |    19 |    58 |   142 |     5 ||   228
       Punch             |       |       |     1 |    16 |    68 |     1 ||    86
       Pseudopods        |       |       |       |       |   191 |     5 ||   196
 Cast: Pain              |    51 |    95 |   142 |   154 |   106 |     2 ||   550
       Vampiric Draining |       |     9 |    42 |   126 |   396 |    19 ||   592
       Animate Dead      |       |     1 |     1 |    22 |    41 |     1 ||    66
       Agony             |       |       |       |     8 |   202 |    17 ||   227
       Dispel Undead     |       |       |       |       |    12 |     2 ||    14
Invok: Oozemancy         |       |       |       |     5 |    24 |     1 ||    30
Evoke: Wand              |       |       |       |    12 |    25 |       ||    37
  Use: Potion            |     1 |     2 |       |       |    10 |     1 ||    14
       Scroll            |       |       |     3 |       |    12 |     1 ||    16
 Stab: Invisible         |       |     2 |       |       |     8 |       ||    10
       Distracted        |       |     1 |       |       |    13 |       ||    14
       Sleeping          |       |       |       |    14 |    54 |     2 ||    70
       Confused          |       |       |       |    11 |     8 |       ||    19
       Paralysed         |       |       |       |       |     1 |       ||     1
Armor: Skin              |     1 |     6 |    23 |    28 |    64 |       ||   122
Dodge: Dodged            |    10 |    95 |   216 |   453 |  1691 |    55 ||  2520
